| TOP OF THE 1ST |
|
Pensacola Blue Wahoos batting - Pitching for Tulsa Drillers : RHP Michael Walsh
|
|
Pitching: RHP Michael Walsh
|
|
|
Batting: RHB Solange Le Coq
|
0-0: Ball 1-0: Bunted foul 1-1: Called Strike 1-2: Fly out, F8 (Flyball, 78XD, EV 94.4 MPH)
|
|
Batting: RHB Tim Wormell
|
0-0: Ball 1-0: Called Strike 1-1: Foul Ball, location: 2F 1-2: Ball 2-2: Foul Ball, location: 2F 2-2: Reached on error, E4 (Groundball, 4, EV 83.1 MPH)
|
|
Batting: LHB Andy Schumacher
|
0-0: Ball 1-0: Called Strike 1-1: Foul Ball, location: 2F 1-2: Ball 2-2: Ball 3-2: Ground out 4-3 (Groundball, 4M, EV 92.5 MPH) Tim Wormell to third
|
|
Batting: LHB Steven Wamble
|
0-0: Called Strike 0-1: Fly out, F8 (Line Drive, 8RM, EV 91.9 MPH)
|
| Top of the 1st over - 0 runs, 0 hits, 1 error, 1 left on base; Pensacola 0 - Tulsa 0 |
| BOTTOM OF THE 1ST |
|
Tulsa Drillers batting - Pitching for Pensacola Blue Wahoos : RHP Jeremy Whooley
|
|
Pitching: RHP Jeremy Whooley
|
|
|
Batting: RHB Steve Haskins
|
0-0: Ball 1-0: Foul Ball, location: 2F 1-1: Foul Ball, location: 2F 1-2: Foul Ball, location: 2F 1-2: Ball 2-2: SINGLE (Groundball, 34D, EV 96.3 MPH)
|
|
Batting: LHB Nick McGraw
|
0-0: Ball 1-0: Ball 2-0: Ball Steve Haskins steals 2nd base (no throw) 3-0: Called Strike 3-1: Base on Balls
|
|
Batting: RHB Blake Beale
|
0-0: Fielders Choice at 2nd, 1-6 (Groundball, 13S, EV 70.6 MPH) Steve Haskins to third
|
|
Batting: RHB Dave Cordero
|
0-0: Ball 1-0: Foul Ball, location: 2F 1-1: Ball 2-1: Ball 3-1: Called Strike 3-2: Fly out, F9 (Flyball, 89S, EV 83.8 MPH) Runner from 3rd tags up, SCORES, throw by RF
|
|
Batting: SHB Xavier Alaniz
|
0-0: Ball 1-0: Fly out, F8 (Flyball, 89M, EV 81.3 MPH)
|
| Bottom of the 1st over - 1 run, 1 hit, 0 errors, 1 left on base; Pensacola 0 - Tulsa 1 |
| TOP OF THE 2ND |
|
Pensacola Blue Wahoos batting - Pitching for Tulsa Drillers : RHP Michael Walsh
|
|
Batting: RHB Jon Marquez
|
0-0: Ball 1-0: Ground out 5-3 (Groundball, 56, EV 85.6 MPH)
|
|
Batting: SHB Jared Thomas
|
0-0: Ball 1-0: Called Strike 1-1: Called Strike 1-2: Fly out, F7 (Flyball, 7LM, EV 90.6 MPH)
|
|
Batting: RHB Pedro Pinero
|
0-0: Ball 1-0: Ball 2-0: Called Strike 2-1: SINGLE (Groundball, 4MD, EV 101.9 MPH)
|
|
Batting: RHB Danny Powell
|
0-0: Ball 1-0: Swinging Strike 1-1: Ball 2-1: Called Strike 2-2: Strikes out swinging
|
| Top of the 2nd over - 0 runs, 1 hit, 0 errors, 1 left on base; Pensacola 0 - Tulsa 1 |
| BOTTOM OF THE 2ND |
|
Tulsa Drillers batting - Pitching for Pensacola Blue Wahoos : RHP Jeremy Whooley
|
|
Batting: LHB Kevin Wiebe
|
0-0: Ball 1-0: Swinging Strike 1-1: Called Strike 1-2: Foul Ball, location: 2F 1-2: Strikes out swinging
|
|
Batting: LHB Miguel Medina
|
0-0: Ball 1-0: Ball 2-0: Ball 3-0: Base on Balls
|
|
Batting: RHB Billy Valadez
|
0-0: Fly out, F8 (Flyball, 8RD, EV 100.0 MPH)
|
|
Batting: RHB Dave Archibeque
|
0-0: Ground out 4-3 (Groundball, 34S, EV 85.0 MPH)
|
| Bottom of the 2nd over - 0 runs, 0 hits, 0 errors, 1 left on base; Pensacola 0 - Tulsa 1 |
| TOP OF THE 3RD |
|
Pensacola Blue Wahoos batting - Pitching for Tulsa Drillers : RHP Michael Walsh
|
|
Batting: RHB Tony Diaz
|
0-0: Ball 1-0: Swinging Strike 1-1: Ground out 6-3 (Groundball, 6, EV 95.0 MPH)
|
|
Batting: RHB Solange Le Coq
|
0-0: Ball 1-0: Called Strike 1-1: Called Strike 1-2: Ball 2-2: Ground out 6-3 (Groundball, 6, EV 83.8 MPH)
|
|
Batting: RHB Tim Wormell
|
0-0: Foul Ball, location: 2F 0-1: Ground out 5-3 (Groundball, 56S, EV 73.8 MPH)
|
| Top of the 3rd over - 0 runs, 0 hits, 0 errors, 0 left on base; Pensacola 0 - Tulsa 1 |
| BOTTOM OF THE 3RD |
|
Tulsa Drillers batting - Pitching for Pensacola Blue Wahoos : RHP Jeremy Whooley
|
|
Batting: RHB Steve Haskins
|
0-0: Called Strike 0-1: Called Strike 0-2: Foul Ball, location: 2F 0-2: Ball 1-2: Foul Ball, location: 2F 1-2: Ball 2-2: Fly out, F4 (Line Drive, 4, EV 68.1 MPH)
|
|
Batting: LHB Nick McGraw
|
0-0: Ball 1-0: Ball 2-0: Ball 3-0: Called Strike 3-1: Base on Balls
|
|
Batting: RHB Blake Beale
|
0-0: Foul Ball, location: 2F 0-1: Swinging Strike 0-2: Ball 1-2: Strikes out swinging
|
|
Batting: RHB Dave Cordero
|
0-0: Fly out, F2 (Popup, 23F, EV 85.6 MPH)
|
| Bottom of the 3rd over - 0 runs, 0 hits, 0 errors, 1 left on base; Pensacola 0 - Tulsa 1 |
| TOP OF THE 4TH |
|
Pensacola Blue Wahoos batting - Pitching for Tulsa Drillers : RHP Michael Walsh
|
|
Batting: LHB Andy Schumacher
|
0-0: Ball 1-0: Ball 2-0: Ball 3-0: Base on Balls
|
|
Batting: LHB Steven Wamble
|
0-0: Called Strike 0-1: Fly out, F4 (Popup, 4M, EV 58.8 MPH)
|
|
Batting: RHB Jon Marquez
|
0-0: Foul Ball, location: 2F 0-1: Fly out, F8 (Flyball, 8RXD, EV 105.6 MPH)
|
|
Batting: SHB Jared Thomas
|
0-0: Swinging Strike 0-1: Ball 1-1: Foul Ball, location: 2F 1-2: Strikes out swinging
|
| Top of the 4th over - 0 runs, 0 hits, 0 errors, 1 left on base; Pensacola 0 - Tulsa 1 |
| BOTTOM OF THE 4TH |
|
Tulsa Drillers batting - Pitching for Pensacola Blue Wahoos : RHP Jeremy Whooley
|
|
Batting: SHB Xavier Alaniz
|
0-0: Ball 1-0: Foul Ball, location: 2F 1-1: Foul Ball, location: 2F 1-2: Ground out 4-3 (Groundball, 4, EV 82.5 MPH)
|
|
Batting: LHB Kevin Wiebe
|
0-0: Ball 1-0: SINGLE (Groundball, 4MD, EV 94.4 MPH)
|
|
Batting: LHB Miguel Medina
|
0-0: Swinging Strike 0-1: Ball 1-1: Foul Ball, location: 2F 1-2: Ball 2-2: Ball 3-2: Base on Balls Kevin Wiebe to second
|
|
Batting: RHB Billy Valadez
|
0-0: Ball 1-0: Ball 2-0: Ball Wild Pitch! Kevin Wiebe to third Miguel Medina to second 3-0: Called Strike 3-1: SINGLE (Groundball, 4M, EV 96.9 MPH) Kevin Wiebe scores Miguel Medina to third Runner from 3rd tries for Home, SAFE, throw by CF to home
|
|
Batting: RHB Dave Archibeque
|
0-0: Called Strike 0-1: Ball 1-1: Foul Ball, location: 2F 1-2: Ball 2-2: SINGLE (Groundball, 6D, EV 96.9 MPH) Billy Valadez to second
|
|
Batting: RHB Steve Haskins
|
0-0: Ball 1-0: Ball 2-0: SINGLE (Groundball, 56D, EV 100.0 MPH) Billy Valadez to third Dave Archibeque to second Runner from 3rd tries for Home, SAFE, throw by LF to home
|
|
Batting: LHB Nick McGraw
|
0-0: Called Strike 0-1: Ball Wild Pitch! Dave Archibeque to third Steve Haskins to second 1-1: Foul Ball, location: 2F 1-2: Fly out, F8 (Line Drive, 8RM, EV 96.3 MPH) Runner from 3rd tags up, SCORES, no throw by CF
|
|
Batting: RHB Blake Beale
|
0-0: Swinging Strike 0-1: Foul Ball, location: 2F 0-2: Foul Ball, location: 2F 0-2: Strikes out swinging
|
| Bottom of the 4th over - 4 runs, 4 hits, 0 errors, 1 left on base; Pensacola 0 - Tulsa 5 |
| TOP OF THE 5TH |
|
Pensacola Blue Wahoos batting - Pitching for Tulsa Drillers : RHP Michael Walsh
|
|
Batting: RHB Pedro Pinero
|
0-0: Called Strike 0-1: Foul Ball, location: 2F 0-2: Foul Ball, location: 2F 0-2: Strikes out swinging
|
|
Batting: RHB Danny Powell
|
0-0: Foul Ball, location: 2F 0-1: Swinging Strike 0-2: Ball 1-2: SINGLE (Groundball, 6MD, EV 106.9 MPH)
|
|
Batting: RHB Tony Diaz
|
0-0: Ball 1-0: Ball 2-0: Called Strike 2-1: Called Strike 2-2: Foul Ball, location: 2F 2-2: Ground out 4-3 (Groundball, 6, EV 86.3 MPH) Danny Powell to second
|
|
Batting: RHB Solange Le Coq
|
0-0: Ball 1-0: Foul Ball, location: 2F 1-1: SINGLE (Groundball, 56, EV 106.3 MPH) (infield hit) Danny Powell to third
|
|
Batting: RHB Tim Wormell
|
0-0: Foul Ball, location: 2F 0-1: Called Strike 0-2: Ball 1-2: Strikes out swinging
|
| Top of the 5th over - 0 runs, 2 hits, 0 errors, 2 left on base; Pensacola 0 - Tulsa 5 |
| BOTTOM OF THE 5TH |
|
Tulsa Drillers batting - Pitching for Pensacola Blue Wahoos : RHP Jeremy Whooley
|
|
Pitching: LHP Brian Whittall
|
|
|
Batting: RHB Dave Cordero
|
0-0: SINGLE (Groundball, 2L, EV 72.5 MPH) (infield hit)
|
|
Batting: SHB Xavier Alaniz
|
0-0: Ball 1-0: Foul Ball, location: 2F 1-1: Fly out, F9 (Line Drive, 9S, EV 100.6 MPH)
|
|
Batting: LHB Kevin Wiebe
|
0-0: Ball 1-0: Called Strike 1-1: Swinging Strike 1-2: Foul Ball, location: 2F 1-2: Hit by Pitch Dave Cordero to second
|
|
Batting: LHB Miguel Medina
|
0-0: Swinging Strike 0-1: Ball 1-1: Ball 2-1: Ball 3-1: Base on Balls Dave Cordero to third Kevin Wiebe to second
|
|
Batting: RHB Billy Valadez
|
0-0: Ball 1-0: Fielders Choice at 2nd, 5-4 (Groundball, 56, EV 78.8 MPH) Dave Cordero scores Kevin Wiebe to third
|
|
Batting: RHB Dave Archibeque
|
0-0: Ball 1-0: Called Strike 1-1: Ball 2-1: Called Strike 2-2: Strikes out looking
|
| Bottom of the 5th over - 1 run, 1 hit, 0 errors, 2 left on base; Pensacola 0 - Tulsa 6 |
| TOP OF THE 6TH |
|
Pensacola Blue Wahoos batting - Pitching for Tulsa Drillers : RHP Michael Walsh
|
|
Batting: LHB Andy Schumacher
|
0-0: Called Strike 0-1: Ball 1-1: Foul Ball, location: 2F 1-2: Ball 2-2: Ball 3-2: Base on Balls
|
|
Pitching: LHP Chris Mobley
|
|
|
Batting: LHB Steven Wamble
|
0-0: Ball 1-0: Ball 2-0: Ball 3-0: Base on Balls Andy Schumacher to second
|
|
Batting: RHB Jon Marquez
|
0-0: Called Strike 0-1: SINGLE (Groundball, 56S, EV 71.9 MPH) (infield hit) Andy Schumacher to third Steven Wamble to second
|
|
Batting: SHB Jared Thomas
|
0-0: Ball 1-0: Called Strike 1-1: Called Strike 1-2: Strikes out swinging
|
|
Batting: RHB Pedro Pinero
|
0-0: Called Strike 0-1: Ball 1-1: Called Strike 1-2: Strikes out swinging
|
|
Batting: RHB Danny Powell
|
0-0: Ball 1-0: Ball 2-0: Foul Ball, location: 2F 2-1: SINGLE (Line Drive, 6D, EV 108.8 MPH) Andy Schumacher scores Steven Wamble to third Jon Marquez to second
|
|
Batting: RHB Tony Diaz
|
0-0: Called Strike 0-1: Ball 1-1: Ball 2-1: Ball 3-1: Foul Ball, location: 2F 3-2: Fly out, F5 (Popup, 5F, EV 81.9 MPH)
|
| Top of the 6th over - 1 run, 2 hits, 0 errors, 3 left on base; Pensacola 1 - Tulsa 6 |
| BOTTOM OF THE 6TH |
|
Tulsa Drillers batting - Pitching for Pensacola Blue Wahoos : LHP Brian Whittall
|
|
Batting: RHB Steve Haskins
|
0-0: Fly out, F7 (Flyball, 78S, EV 91.3 MPH)
|
|
Batting: LHB Nick McGraw
|
0-0: Called Strike 0-1: Foul Ball, location: 2F 0-2: Fly out, F6 (Flyball, 6D, EV 90.6 MPH)
|
|
Batting: RHB Blake Beale
|
0-0: Ground out 6-3 (Groundball, 56, EV 100.6 MPH)
|
| Bottom of the 6th over - 0 runs, 0 hits, 0 errors, 0 left on base; Pensacola 1 - Tulsa 6 |
| TOP OF THE 7TH |
|
Pensacola Blue Wahoos batting - Pitching for Tulsa Drillers : LHP Chris Mobley
|
|
Batting: RHB Solange Le Coq
|
0-0: Foul Ball, location: 2F 0-1: Foul Ball, location: 2F 0-2: Ball 1-2: Fly out, F4 (Popup, 23, EV 90.6 MPH)
|
|
Batting: RHB Tim Wormell
|
0-0: Ball 1-0: Fly out, F4 (Popup, 34, EV 58.8 MPH)
|
|
Batting: LHB Andy Schumacher
|
0-0: Ball 1-0: Ball 2-0: Ball 3-0: Called Strike 3-1: Fly out, F2 (Popup, 2LF, EV 97.5 MPH)
|
| Top of the 7th over - 0 runs, 0 hits, 0 errors, 0 left on base; Pensacola 1 - Tulsa 6 |
| BOTTOM OF THE 7TH |
|
Tulsa Drillers batting - Pitching for Pensacola Blue Wahoos : LHP Brian Whittall
|
|
Batting: RHB Dave Cordero
|
0-0: Ball 1-0: Ball 2-0: Ball 3-0: Called Strike 3-1: Foul Ball, location: 2F 3-2: Base on Balls
|
|
Batting: SHB Xavier Alaniz
|
0-0: Called Strike 0-1: SINGLE (Groundball, 6D, EV 103.1 MPH) Dave Cordero to second
|
|
Batting: LHB Kevin Wiebe
|
0-0: Hit by Pitch Dave Cordero to third Xavier Alaniz to second
|
|
Batting: LHB Miguel Medina
|
0-0: Called Strike 0-1: Fielders Choice at 2nd, 4-6 (Groundball, 4, EV 100.6 MPH) Dave Cordero scores Xavier Alaniz to third
|
|
Batting: RHB Billy Valadez
|
0-0: Foul Ball, location: 2F 0-1: Foul Ball, location: 2F 0-2: Ball 1-2: Fly out, F8 (Line Drive, 8LD, EV 83.1 MPH) Runner from 3rd tags up, SCORES, throw by CF
|
|
Batting: RHB Dave Archibeque
|
0-0: Ground out U3 (Groundball, 34S, EV 65.0 MPH)
|
| Bottom of the 7th over - 2 runs, 1 hit, 0 errors, 1 left on base; Pensacola 1 - Tulsa 8 |
| TOP OF THE 8TH |
|
Pensacola Blue Wahoos batting - Pitching for Tulsa Drillers : LHP Chris Mobley
|
|
Pitching: RHP Jason Englert
|
|
|
Pinch Hitting: RHB Ernie Noiles
|
0-0: Ball 1-0: Ball 2-0: Ball 3-0: Called Strike 3-1: Called Strike 3-2: Foul Ball, location: 2F 3-2: Strikes out swinging
|
|
Batting: RHB Jon Marquez
|
0-0: Called Strike 0-1: Swinging Strike 0-2: Ball 1-2: Foul Ball, location: 2F 1-2: Ball 2-2: Strikes out looking
|
|
Batting: SHB Jared Thomas
|
0-0: Foul Ball, location: 2F 0-1: Foul Ball, location: 2F 0-2: Ground out U3 (Groundball, 3, EV 80.6 MPH)
|
| Top of the 8th over - 0 runs, 0 hits, 0 errors, 0 left on base; Pensacola 1 - Tulsa 8 |
| BOTTOM OF THE 8TH |
|
Tulsa Drillers batting - Pitching for Pensacola Blue Wahoos : LHP Brian Whittall
|
|
Now at 1B: Ernie Noiles
|
|
|
Batting: RHB Steve Haskins
|
0-0: Called Strike 0-1: Swinging Strike 0-2: Ball 1-2: Foul Ball, location: 2F 1-2: Foul Ball, location: 2F 1-2: Foul Ball, location: 2F 1-2: Ball 2-2: Ball 3-2: Fly out, F4 (Popup, 13S, EV 80.6 MPH)
|
|
Pitching: RHP Brett Cooke
|
|
|
Pinch Hitting: LHB Danny Roe
|
0-0: Called Strike 0-1: Fly out, F8 (Flyball, 8RD, EV 81.9 MPH)
|
|
Batting: RHB Blake Beale
|
0-0: Ball 1-0: Called Strike 1-1: Ground out 6-3 (Groundball, 6, EV 106.3 MPH)
|
| Bottom of the 8th over - 0 runs, 0 hits, 0 errors, 0 left on base; Pensacola 1 - Tulsa 8 |
| TOP OF THE 9TH |
|
Pensacola Blue Wahoos batting - Pitching for Tulsa Drillers : RHP Jason Englert
|
|
Now at 1B: Danny Roe
|
|
|
Batting: RHB Pedro Pinero
|
0-0: Called Strike 0-1: Ball 1-1: Ball 2-1: Foul Ball, location: 2F 2-2: Foul Ball, location: 2F 2-2: Foul Ball, location: 2F 2-2: Strikes out looking
|
|
Pinch Hitting: RHB Chris Holland
|
0-0: Foul Ball, location: 2F 0-1: Swinging Strike 0-2: Ball 1-2: Strikes out swinging
|
|
Batting: RHB Tony Diaz
|
0-0: Ball 1-0: Ground out 6-3 (Groundball, 56, EV 97.5 MPH)
|
| Top of the 9th over - 0 runs, 0 hits, 0 errors, 0 left on base; Pensacola 1 - Tulsa 8 |
|